 Dungeon Crawl Stone Soup version 0.17-a0-1900-g45e8110 (webtiles) character file.

6330 derrpe the Fighter (level 10, -2/107 HPs)
             Began as an Ogre Fire Elementalist on Sept 24, 2015.
             Was a Priest of Vehumet.
             Splashed by a brown ugly thing's acid (9 damage)
             ... on level 9 of the Dungeon.
             The game lasted 00:35:42 (16756 turns).

derrpe the Fighter (Ogre Fire Elementalist)        Turns: 16756, Time: 00:35:43

Health: -2/107     AC: -12   Str: 15      XL:     10   Next: 95%
Magic:  8/14       EV: 11    Int: 17      God:    Vehumet [***...]
Gold:   347        SH:  0    Dex:  7 (10) Spells: 4 memorised, 1 level left

rFire  . . .     SeeInvis .     B - +6 glaive "Hydraslayer" {flame, rC+}
rCold  + + .     Clarity  .     s - +0 robe
rNeg   . . .     SustAt   .     (no shield)
rPois  .         Gourm    .     (helmet restricted)
rElec  .         Spirit   .     (no cloak)
rCorr  .         Warding  .     (gloves unavailable)
rMut   .         Stasis   .     (boots unavailable)
MR     +....                    (no amulet)
Stlth  +.........               (no ring)
                                p - ring of protection from cold

@: corroded equipment, somewhat resistant to hostile enchantments, very
unstealthy
A: unfitting armour, repulsion field 1, tough skin 1
a: Renounce Religion


You were on level 9 of the Dungeon.
You worshipped Vehumet.
Vehumet was most pleased with you.
You were not hungry.

You visited 1 branch of the dungeon, and saw 9 of its levels.

You collected 427 gold pieces.
You spent 80 gold pieces at shops.

Inventory:

Hand weapons
 k - a +2 flail of protection
 B - the +6 glaive "Hydraslayer" (weapon) {flame, rC+}
   (You found it on level 5 of the Dungeon)

   It has been specially enchanted to burn those struck by it, causing extra
   injury to most foes and up to half again as much damage against particularly
   susceptible opponents.
   Big, fiery blades are also staple armaments of hydra-hunters.
   It protects you from cold.
 E - a +0 giant club
Missiles
 x - 2 large rocks (quivered)
Armour
 s - a +0 robe (worn)
Rods
 e - a +0 rod of the swarm (14/14)
   (You found it on level 6 of the Dungeon)
Jewellery
 p - a ring of protection from cold (left hand)
Magical devices
 b - a wand of slowing (35)
 n - a wand of magic darts (31)
 F - a wand of teleportation (1)
Scrolls
 d - 2 scrolls of recharging
 j - 2 scrolls of enchant weapon
 l - a scroll of teleportation
 o - 3 scrolls of magic mapping {unknown}
 q - 2 scrolls of amnesia {unknown}
 r - 2 scrolls of identify
 w - 4 scrolls of enchant armour {unknown}
 y - a scroll of remove curse
 z - a scroll of random uselessness {unknown}
 C - a scroll of fog {unknown}
Potions
 a - 2 potions of flight
 f - a potion of cancellation
 i - a potion of brilliance {unknown}
Books
 m - a book of Flames

   Spells                             Type                      Level
   a - Flame Tongue                   Conjuration/Fire             1
   b - Throw Flame                    Conjuration/Fire             2
   c - Conjure Flame                  Conjuration/Fire             3
   d - Inner Flame                    Hexes/Fire                   3
   e - Sticky Flame                   Conjuration/Fire             4
   f - Fireball                       Conjuration/Fire             5
Comestibles
 c - 8 bread rations {@e1}
 g - a meat ration {@e2}
 A - 6 fruits


   Skills:
 + Level 9.5 Fighting
 - Level 2.0 Maces & Flails
 + Level 0.2 Armour
 + Level 1.9 Dodging
 - Level 1.5 Stealth
 * Level 2.8 Spellcasting
 - Level 7.5 Conjurations
 - Level 8.3 Fire Magic


You had one spell level left.
You knew the following spells:

 Your Spells              Type           Power        Failure   Level  Hunger
a - Flame Tongue          Conj/Fire      ####.        1%          1    #......
b - Conjure Flame         Conj/Fire      ####....     1%          3    ###....
c - Sticky Flame          Conj/Fire      ####....     2%          4    #####..
d - Fireball              Conj/Fire      ####......   5%          5    ######.


Dungeon Overview and Level Annotations

Branches:
Dungeon (9/15)             Temple (0/1) D:7
   Lair: D:8-11         Orc: D:9-12

Altars:
Gozag
Kikubaaqudgha
Makhleb
Nemelex Xobeh
Sif Muna
Trog
Vehumet
Zin
The Shining One

Shops:
D:4 ?%   D:6 :   D:7 (


Innate Abilities, Weirdness & Mutations

You are too large for most types of armour.
You have tough skin (AC +1).
You are surrounded by a mild repulsion field (EV +2).


Message History

The brown ugly thing tentacle-slaps you!
You are splashed with acid!
The acid burns!
* * * LOW HITPOINT WARNING * * *
Unknown command.
The brown ugly thing is engulfed in roaring flames.
The brown ugly thing closely misses you.
Casting: Conjure Flame
Confirm with . or Enter, or press ? or * to list all spells.
Aiming: Sticky Flame
Press: ? - help, Shift-Dir - straight line, f - brown ugly thing
Aim: a brown ugly thing (almost dead)
The sticky flame hits the brown ugly thing.
The brown ugly thing is almost dead.
The brown ugly thing is covered in liquid flames!
The brown ugly thing burns!
The scorpion is engulfed in roaring flames.
The brown ugly thing tentacle-slaps you!
* * * LOW HITPOINT WARNING * * *
You are splashed with acid!
The acid corrodes you!
The acid burns!
You die...

##### #...#### #......#
#......#### #..........
#########........... .
+.....@us..............
#########..............
...../.#.............
........s............
######.....#.#####...
.......#...........
.........#.........#
...###.......###....
... #.........#.....


You could see a brown ugly thing (burning) and a scorpion.

Vanquished Creatures
  The ghost of tp1 the Thaumaturge, an experienced DECj (D:8)
  A troll (D:5)
  Sigmund (D:6)
  A spriggan (D:7)
  Eustachio (D:6)
  A hippogriff (D:9)
  2 orc warriors
  A water moccasin (D:6)
  Duvessa (D:6)
  4 sky beasts
  2 phantoms
  4 ogres
  4 centaurs
  6 big kobolds (D:8)
  A necrophage (D:8)
  3 giant frogs
  Blork the orc (D:5)
  Dowan (D:6)
  3 scorpions
  14 killer bees
  6 wights
  A giant frog zombie (D:5)
  3 jellies
  3 giant frog skeletons
  A hound (D:3)
  7 crimson imps
  2 quasits
  A centaur skeleton (D:9)
  A gnoll shaman (D:4)
  3 orc priests
  7 orc wizards
  6 iguanas
  7 worker ants
  A hound skeleton (D:4)
  3 gnolls (D:4)
  10 adders
  A shadow imp (D:9)
  2 oozes
  2 adder skeletons
  2 adder zombies
  5 worms
  8 giant geckos
  28 orcs
  A giant cockroach (D:2)
  11 hobgoblins
  25 jackals
  23 kobolds
  3 quokkas
  13 bats
  A giant gecko skeleton (D:5)
  5 giant newts
  3 goblins (D:3)
  A quokka skeleton (D:4)
  9 rats
258 creatures vanquished.

Vanquished Creatures (others)
  A giant cockroach (D:3)
  A bat (D:3)
2 creatures vanquished.

Grand Total: 260 creatures vanquished

Notes
Turn   | Place    | Note
--------------------------------------------------------------
     0 | D:1      | derrpe the Ogre Fire Elementalist began the quest for the Orb.
     0 | D:1      | Reached XP level 1. HP: 16/16 MP: 3/3
   270 | D:1      | Reached skill level 1 in Maces & Flails
   270 | D:1      | Reached XP level 2. HP: 21/24 MP: 1/5
   657 | D:1      | Reached skill level 1 in Conjurations
   784 | D:1      | Reached XP level 3. HP: 12/32 MP: 0/6
  1618 | D:2      | Reached skill level 1 in Fighting
  2175 | D:2      | Reached XP level 4. HP: 39/42 MP: 1/7
  2675 | D:3      | Learned a level 3 spell: Conjure Flame
  2836 | D:3      | Found a radiant altar of Vehumet.
  3086 | D:3      | Became a worshipper of Vehumet
  3207 | D:3      | Reached skill level 3 in Fire Magic
  3207 | D:3      | Reached XP level 5. HP: 36/50 MP: 4/8
  3366 | D:3      | Found a burning altar of Makhleb.
  3753 | D:3      | Learned a level 4 spell: Sticky Flame
  4608 | D:3      | Found a bloodstained altar of Trog.
  4941 | D:4      | Reached XP level 6. HP: 54/61 MP: 4/9
  5002 | D:4      | Found an opulent altar of Gozag.
  5430 | D:4      | Found Zodgh's Food Shoppe.
  6350 | D:4      | Found a glowing silver altar of Zin.
  6354 | D:4      | Found a glowing golden altar of the Shining One.
  6410 | D:4      | Found Osubithri's Magic Scroll Boutique.
  6415 | D:4      | Bought a scroll of remove curse for 30 gold pieces
  6415 | D:4      | Bought a scroll of identify for 20 gold pieces
  6415 | D:4      | Bought a scroll of teleportation for 30 gold pieces
  6494 | D:5      | Entered Level 5 of the Dungeon
  6545 | D:5      | Acquired Vehumet's first power
  6545 | D:5      | Offered knowledge of Freeze by Vehumet.
  6545 | D:5      | Reached skill level 4 in Fighting
  6545 | D:5      | Reached XP level 7. HP: 35/70 MP: 2/10
  6550 | D:5      | Gained mutation: You tend to lose your temper in combat. [mutagenic meat]
  6551 | D:5      | Gained mutation: You are frail (-10% HP). [mutagenic meat]
  6552 | D:5      | Gained mutation: You are surrounded by a mild repulsion field (EV +2). [mutagenic meat]
  6553 | D:5      | Lost mutation: You tend to lose your temper in combat. [mutagenic meat]
  6737 | D:5      | Found a sparkling altar of Nemelex Xobeh.
  7272 | D:5      | Noticed a troll
  7860 | D:5      | Reached skill level 5 in Fighting
  8133 | D:5      | Reached XP level 8. HP: 72/72 MP: 8/11
  8199 | D:5      | Got an ivory glaive
  8202 | D:5      | Identified the +6 glaive "Hydraslayer" {flame, rC+} (You found it on level 5 of the Dungeon)
  8284 | D:5      | Killed a troll
  8284 | D:5      | Reached skill level 5 in Fire Magic
  8324 | D:6      | Noticed Blork the orc
  8331 | D:5      | Killed Blork the orc
  8599 | D:6      | Noticed Sigmund
  8716 | D:6      | Killed Sigmund
  8716 | D:6      | Reached skill level 6 in Fighting
  8925 | D:6      | Noticed Eustachio
  8944 | D:6      | Killed Eustachio
  9262 | D:6      | Noticed Dowan
  9303 | D:6      | Reached skill level 5 in Conjurations
  9335 | D:6      | Identified a +0 rod of the swarm (14/14) (You found it on level 6 of the Dungeon)
  9564 | D:6      | Reached XP level 9. HP: 60/82 MP: 7/12
  9605 | D:6      | HP: 4/82 [orc warrior/long sword (27)]
 10358 | D:6      | Found Etanib's Book Boutique.
 10430 | D:6      | Noticed Duvessa
 10449 | D:6      | Killed Duvessa
 10455 | D:6      | Killed Dowan
 10676 | D:6      | Offered knowledge of Shock by Vehumet.
 10868 | D:6      | Reached skill level 7 in Fighting
 11078 | D:7      | Gained mutation: Your magical capacity is low (-10% MP). [potion of mutation]
 11105 | D:7      | Gained mutation: Armour fits poorly on your strangely shaped body. [mutagenic meat]
 11108 | D:7      | Gained mutation: Your body sometimes deteriorates upon taking damage. [mutagenic meat]
 11110 | D:7      | Lost mutation: You are frail (-10% HP). [potion of cure mutation]
 11110 | D:7      | Lost mutation: Armour fits poorly on your strangely shaped body. [potion of cure mutation]
 11110 | D:7      | Lost mutation: Your magical capacity is low (-10% MP). [potion of cure mutation]
 11110 | D:7      | Lost mutation: Your body sometimes deteriorates upon taking damage. [potion of cure mutation]
 11164 | D:7      | Found a staircase to the Ecumenical Temple.
 12264 | D:7      | Found a deep blue altar of Sif Muna.
 12288 | D:7      | Found Gas Xef's Weapon Shop.
 12804 | D:7      | Reached skill level 8 in Fighting
 13124 | D:8      | Found an ancient bone altar of Kikubaaqudgha.
 13348 | D:8      | Reached XP level 10. HP: 99/104 MP: 9/13
 13359 | D:8      | Learned a level 5 spell: Fireball
 13429 | D:8      | Got a dazzling rapier
 13431 | D:8      | Identified the +11 rapier of Kismet {pierce, Dex+2} (You found it on level 8 of the Dungeon)
 13916 | D:8      | Offered knowledge of Ignite Poison by Vehumet.
 14011 | D:8      | Noticed tp1's ghost (experienced DECj)
 14428 | D:8      | Acquired Vehumet's second power
 14526 | D:8      | Killed tp1's ghost
 14526 | D:8      | Reached skill level 9 in Fighting
 15502 | D:8      | Offered knowledge of Force Lance by Vehumet.
 16734 | D:9      | Noticed a brown ugly thing
 16756 | D:9      | Splashed by a brown ugly thing's acid

Vault maps used:
D:1:      shiori_arrival_maze, lemuel_old_faithful
D:3:      fiery_altar_vehumet, bloody_trog, serial_co_window_serial,
          co_window_paths_a, co_window_of_opportunity_a, co_window_corner_a,
          co_window_paths_a, co_window_paths_a, co_window_paths_a,
          co_window_broadway_a, co_window_2corner, co_window_paths_c,
          co_window_4corner_b, co_window_paths_d, glass_columns_b,
          corexii_leaking_fountain, st_stairs_7, makhleb_blood_cavern_becter
D:4:      minitemple, serial_shops, shop, kennysheep_little_box
D:5:      kennysheep_big_flooded_room, first_bread, nemelex_altar_shiori
D:6:      serial_shops, nicolae_shop_stone, uniq_blork_the_orc, uniq_eustachio,
          uniq_duvessa, uniq_sigmund
D:7:      lemuel_blue_sif_altar, temple_doors_e, serial_shops,
          nicolae_shop_behind_doors, the_bakery
D:8:      nicolae_overflow_crystal_walls, special_room
D:9:      hangedman_cross_cluster, overflow_temple_1_default,
          gammafunk_temple_overflow_claw

Action                   |  1- 3 |  4- 6 |  7- 9 | 10-12 || total
-------------------------+-------+-------+-------+-------++-------
Melee: Unarmed           |     7 |       |       |       ||     7
       Whip              |    19 |    85 |       |       ||   104
       Dagger            |     1 |     2 |       |       ||     3
       Flail             |       |     8 |   115 |       ||   123
       Glaive            |       |       |   167 |   185 ||   352
Throw: Large rock        |       |     8 |    17 |     2 ||    27
 Cast: Flame Tongue      |    62 |   135 |    92 |    12 ||   301
       Conjure Flame     |       |     1 |    11 |    10 ||    22
       Sticky Flame      |       |       |    10 |    19 ||    29
       Fireball          |       |       |       |     3 ||     3
  Use: Scroll            |       |     1 |    10 |     3 ||    14
       Potion            |       |       |     8 |     4 ||    12
 Stab: Sleeping          |       |       |     2 |     1 ||     3
  Eat: Chunk             |     5 |    15 |    27 |    11 ||    58
       Beef jerky        |       |       |     2 |     1 ||     3
       Fruit             |       |       |     2 |       ||     2
       Meat ration       |       |       |     1 |     1 ||     2
